 Dungeon Sprint DCSS version 0.29-a0-1006-g0dd7720b37 (webtiles) character file.

Game seed: 11454201998288857862

133 mhtbhm the Trooper (level 4, -22/44 HPs)
             Began as a Draconian Fighter on Aug 6, 2022.
             Annihilated by a shadow (26 damage)
             ... in the Dungeon (Sprint III: "The Ten Rune Challenge").
             The game lasted 00:00:46 (452 turns).

mhtbhm the Trooper (Draconian Fighter)               Turns: 452, Time: 00:00:46

Health: -22/44     AC:  6    Str: 21    XL:     4   Next: 93%
Magic:  4/4        EV: 13    Int:  8    God:
Gold:   24         SH:  5    Dex: 10    Spells: 3/3 levels left

rFire   . . .      SeeInvis .   a - +0 long sword
rCold   . . .      Faith    .   b - +0 buckler
rNeg    . . .      Spirit   .   (body armour unavailable)
rPois   .          Reflect  .   (helmet restricted)
rElec   .          Harm     .   c - +0 cloak
rCorr   .          Rampage  .   (no gloves)
Will    .....      NoTele   +   (no boots)
Stlth   +.........              (no amulet)
HPRegen 0.14/turn               (no ring)
MPRegen 0.09/turn               (no ring)

@: no status effects
A: AC +5, unfitting armour, cold-blooded
a: no special abilities


You were in the Dungeon.
You visited 1 branch You collected 24 gold pieces.

Inventory:

Hand Weapons
 a - a +0 long sword (weapon)
Armour
 b - a +0 buckler (worn)
 c - a +0 cloak (worn)
Scrolls
 i - a scroll of blinking
 k - 2 scrolls of poison {unknown}
 l - a scroll of silence {unknown}
 n - 2 scrolls of identify
Potions
 d - a potion of curing
 e - a potion of heal wounds
 f - a potion of haste
 g - 2 potions of magic
 h - a potion of berserk rage
 j - 4 potions of mutation {unknown}
 m - 2 potions of flight
 o - a potion of attraction {unknown}


   Skills:
 + Level 6.3 Fighting
 + Level 4.8 Long Blades
 + Level 5.4 Dodging
 + Level 5.7 Shields


You had 3 spell levels left.
You didn't know any spells.
Your spell library contained the following spells:

 Spells                   Type           Power      Damage    Failure   Level
 Summon Lightning Spire   Summ/Air       0%         N/A       99%         4
 Storm Form               Tmut/Air       0%         N/A       100%        7
 Maxwell's Capacitive Co  Air            0%         ∞         100%        8


Dungeon Overview and Level Annotations

Branches:
Dungeon (1/1)

Altars:


Innate Abilities, Weirdness & Mutations

Your plain brown scales are hard. (AC +5)
You cannot fit into any form of body armour.
You are cold-blooded and may be slowed by cold attacks.


Message History

You start resting.
You are no longer corroded.
You start resting.
You start resting.
You start resting.
HP restored.
A shadow comes into view.
The shadow slips into darkness.
The shadow flickers and vanishes!
Deactivating autopickup; reactivate with Ctrl-A.
There is an open door here.
The shadow strikes at you from the darkness!
Reactivating autopickup.
You closely miss the shadow. The shadow misses you.
You closely miss the shadow. The shadow hits you. The shadow hits you!
You closely miss the shadow. The shadow hits you!
You hit the shadow. You tail-slap the shadow.
The shadow is lightly damaged.
The shadow hits you.
You hit the shadow but do no damage. You tail-slap the shadow.
The shadow is moderately damaged.
The shadow slips into darkness.
The shadow flickers and vanishes!
Deactivating autopickup; reactivate with Ctrl-A.
You hit something but do no damage.
Your tail-slap misses something.
The shadow strikes at you from the darkness!
* * * LOW HITPOINT WARNING * * *
Reactivating autopickup.
You closely miss the shadow.
The shadow is moderately damaged.
You block the shadow's attack. x2
You closely miss the shadow.
The shadow is moderately damaged.
The shadow slips into darkness.
The shadow flickers and vanishes!
Deactivating autopickup; reactivate with Ctrl-A.
You miss something.
The shadow strikes at you from the darkness!
Ouch! That really hurt!
You die...

▓▓▓ # ##.# #####..#
.#..#..#
.#..#..###+#+###+##
.##'#..#..........#
.###...'.⌠........#
####...#...######'#
###....#.⌠.# #{@.#
##.....#...# #...#
#).....#+### #...#
.#.....# #...+
###....# +...#
▓▓▓▓▓▓ ▓▓▓▓▓


There were no monsters in sight!

Vanquished Creatures
  A water elemental (D)
  A jelly (D)
  Crazy Yiuf (D)
  A human (D)
  An endoplasm (D)
  3 rats (D)
8 creatures vanquished.

Notes
Turn   | Place    | Note
-------+----------+-------------------------------------------
     0 | D        | mhtbhm the Draconian Fighter began the quest for the Orb.
     0 | D        | Reached XP level 1. HP: 19/19 MP: 1/1
    69 | D        | Noticed Crazy Yiuf
    73 | D        | Killed Crazy Yiuf
    74 | D        | Reached skill level 4 in Fighting
    74 | D        | Reached XP level 2. HP: 28/28 MP: 2/2
    74 | D        | Reached XP level 3. HP: 35/35 MP: 3/3
    83 | D        | Reached skill level 5 in Fighting
    89 | D        | Noticed a water elemental
    95 | D        | Killed a water elemental
    96 | D        | Reached skill level 5 in Dodging
    96 | D        | Reached skill level 5 in Shields
    96 | D        | Reached XP level 4. HP: 25/44 MP: 4/4
   259 | D        | Reached skill level 6 in Fighting
   442 | D        | Noticed a shadow
   452 | D        | Annihilated by a shadow

Illustrated notes

Levels and vault maps discovered:
D:        dungeon_sprint_mu [sprint_mu_entry_cave, sprint_mu_temple_rooms,
          sprint_mu_d1_spiders, sprint_mu_d2_genie, sprint_mu_d3_branching,
          sprint_mu_orc_legion, sprint_mu_elf_gauntlet, sprint_mu_hive_nellie,
          sprint_mu_lair_fedhas, sprint_mu_vaults_butterflies,
          sprint_mu_slime_circle, sprint_mu_shoals_kraken,
          sprint_mu_snake_twists, sprint_mu_blade_basic,
          sprint_mu_crypt_fortress, sprint_mu_tomb_spiral,
          sprint_mu_vestibule_basic, sprint_mu_gehenna_hellfire,
          sprint_mu_dis_giant, sprint_mu_tartarus_statrot,
          sprint_mu_cocytus_islands, sprint_mu_zot1]

Skill      XL: |  1  2  3  4 |
---------------+-------------+-----
Dodging        | 4 5 |  5.4
Fighting       | 4 5 6 |  6.3
Long Blades    | 3 4 |  4.8
Shields        | 4 5 |  5.7

Action                   |  1- 3 |  4- 6 || total
-------------------------+-------+-------++-------
Melee: Long sword        |    24 |    16 ||    40
       Tailslap          |       |     3 ||     3
  Use: Potion            |     1 |       ||     1
Armor: Skin              |     4 |     3 ||     7
Dodge: Dodged            |    12 |     7 ||    19
Block: Buckler           |     5 |     2 ||     7

Table legend: (Time is in decaauts)
 A = Elapsed time spent in this place.
 B = Non-inter-level travel time spent in this place.
 C = Inter-level travel time spent in this place.
 D = Time resting spent in this place.
 E = Time spent auto-exploring this place.
 F = Levels seen in this place.
 G = Mean time per level.
                   A        B        C        D        E       F      G
               +--------+--------+--------+--------+--------+-----+--------+
         Total |    462 |    462 |      0 |    284 |     48 |   1 |  462.0 |
       Dungeon |    462 |    462 |      0 |    284 |     48 |   1 |  462.0 |
               +--------+--------+--------+--------+--------+-----+--------+

Top non-repeatable levels by time:
       D: 462 daAuts
